 Dungeon Crawl Stone Soup version 0.28-a0-1429-gf3d713df7a (webtiles) character file.

Game seed: 11578912194818120802

41323 HallandMoats the Protected (level 13, -31/112 HPs)
             Began as a Minotaur Fighter on Jan 9, 2022.
             Was a High Priest of Hepliaklqana.
             Killed from afar by Azrael (46 damage)
             ... with damnation
             ... on level 14 of the Dungeon.
             The game lasted 00:24:06 (17483 turns).

HallandMoats the Protected (Minotaur Fighter)      Turns: 17483, Time: 00:24:07

Health: -31/112    AC: 21    Str: 23    XL:     13   Next: 79%
Magic:  14/14      EV: 17    Int:  5    God:    Hepliaklqana [*****.]
Gold:   449        SH: 10    Dex: 13    Spells: 12/12 levels left

rFire   . . .      SeeInvis .   l - +8 autumn katana {vorpal, manifold assault}
rCold   . . .      Faith    .   c - +0 buckler
rNeg    . . .      Spirit   .   s - +0 storm dragon scales
rPois   .          Reflect  +   (helmet restricted)
rElec   +          Harm     .   d - +2 cloak {Will+}
rCorr   .          Rampage  .   r - +0 pair of gloves
Will    +....                   (no boots)
Stlth   ..........              f - amulet of reflection
HPRegen 0.28/turn               A - +4 ring of evasion
MPRegen 0.14/turn               (no ring)

@: on fire, glowing
A: reduced essence, horns 2, retaliatory headbutt
a: Renounce Religion, Recall Ancestor, Ancestor Identity, Transference, Idealise


You were on level 14 of the Dungeon.
You worshipped Hepliaklqana.
Hepliaklqana was extremely pleased with you.
You visited 1 branch of the dungeon, and saw 14 of its levels.
You also visited: Sewer and Bailey.

You collected 1156 gold pieces.
You spent 707 gold pieces at shops.

Inventory:

Hand Weapons
 a - the +8 demon blade of Valiance {elec, rElec rPois Will+ Str+2}
   (You found it on level 7 of the Dungeon)

   It occasionally discharges a powerful burst of electricity upon striking a
   foe.
   Str:       It affects your strength (+2).
   rElec:     It insulates you from electricity.
   rPois:     It protects you from poison.
   Will:      It increases your willpower.
 b - a +2 whip of venom
 l - the +8 autumn katana (weapon) {vorpal, manifold assault}
   (You bought it in a shop on level 6 of the Dungeon)

   It sometimes launches melee attacks against multiple visible enemies.
Missiles
 y - 7 throwing nets (quivered)
Armour
 c - a +0 buckler (worn)
 d - a +2 cloak of willpower (worn)
 r - a +0 pair of gloves (worn)
 s - +0 storm dragon scales (worn)
 C - +0 acid dragon scales
Jewellery
 f - an amulet of reflection (around neck)
 i - a ring of flight
 k - an amulet of regeneration
 A - a +4 ring of evasion (left hand)
 G - the amulet of Ikipnepp {RegenMP rCorr}
   (You took it off an orc wizard on level 8 of the Dungeon)

   [amulet of magic regeneration]

   It increases your rate of magic regeneration.
   rCorr:     It protects you from acid and corrosion.
Wands
 w - a wand of acid (9)
 z - a wand of flame (12)
 E - a wand of iceblast (9)
Scrolls
 h - 5 scrolls of enchant weapon
 j - a scroll of enchant armour {unknown}
 o - 7 scrolls of identify
 q - 2 scrolls of immolation
 u - 2 scrolls of noise
 v - 2 scrolls of vulnerability
 x - 5 scrolls of teleportation
 O - a scroll of fear
 P - 3 scrolls of magic mapping
Potions
 e - 9 potions of flight
 g - 6 potions of curing {unknown}
 m - 2 potions of attraction {unknown}
 n - 2 potions of brilliance {unknown}
 p - a potion of heal wounds
 t - 2 potions of degeneration {unknown}
 K - a potion of invisibility {unknown}
 L - 2 potions of resistance {unknown}
 M - a potion of magic {unknown}
 N - 2 potions of lignification
Miscellaneous
 F - a phantom mirror
 H - a box of beasts
 I - a phantom mirror
 J - a box of beasts


   Skills:
 + Level 14.4 Fighting
 + Level 14.1 Long Blades
 + Level 14.4 Armour
 + Level 12.9 Dodging
 - Level 7.0 Shields
 + Level 3.4 Invocations


You had 12 spell levels left.
You didn't know any spells.
Your spell library contained the following spells:

 Spells                   Type           Power      Damage    Failure   Level
 Animate Skeleton         Necr           0%         N/A       97%         1
 Apportation              Tloc           0%         N/A       97%         1
 Pain                     Necr           0%         1d4       97%         1
 Slow                     Hex            0%         N/A       97%         1
 Summon Small Mammal      Summ           0%         N/A       97%         1
 Blink                    Tloc           0%         N/A       99%         2
 Corpse Rot               Necr/Air       0%         N/A       99%         2
 Sublimation of Blood     Necr           0%         N/A       99%         2
 Confusing Touch          Hex            0%         N/A       100%        3
 Frozen Ramparts          Ice            0%         1d2       100%        3
 Vampiric Draining        Necr           0%         2d6       100%        3
 Dispel Undead            Necr           0%         3d6       100%        4
 Ice Form                 Ice/Tmut       0%         N/A       100%        4
 Petrify                  Tmut/Erth      0%         N/A       100%        4
 Summon Ice Beast         Ice/Summ       0%         N/A       100%        4
 Irradiate                Conj/Tmut      0%         3d14      100%        5
 Manifold Assault         Tloc           0%         N/A       100%        5
 Death Channel            Necr           0%         N/A       100%        6
 Storm Form               Tmut/Air       0%         N/A       100%        7


Dungeon Overview and Level Annotations

Branches:
Dungeon (14/15)            Temple (0/1) D:7            Lair (0/6) D:11
    Orc (0/2) D:9          Vaults (0/5) D:13          Sewer (visited)
 Bailey (visited)

Altars:
Cheibriados
Fedhas
Hepliaklqana
Kikubaaqudgha
Nemelex Xobeh
Qazlal
Ru
Uskayaw
Wu Jian
Xom
Yredelemnul
Zin
The Shining One

Shops:
D:6 (

Annotations:
D:14 Azrael


Innate Abilities, Weirdness & Mutations

Your life essence is reduced to manifest your ancestor. (-10% HP)
You have a pair of horns on your head.
You reflexively headbutt those who attack you in melee.


Message History

You are covered in liquid flames!
* * * LOW HITPOINT WARNING * * *
The green ugly thing completely misses you.
The hell hound bites you but does no damage.
Azrael blows smoke rings.
Azrael barely misses you. You block the red ugly thing's attack.
Sir Rick Astley hits the red ugly thing with a +0 dagger of draining!
Sir Rick Astley drains the red ugly thing.
You block the fire elemental's attack.
You swap places.
You are covered in liquid flames!
* * * LOW HITPOINT WARNING * * *
You are no longer on fire.
The hell hound bites you but does no damage.
The red ugly thing stings Sir Rick Astley.
Sir Rick Astley is engulfed in flames!
Sir Rick Astley resists.
The green ugly thing basks in the mutagenic energy from its kin and changes!
The fire elemental hits Sir Rick Astley.
The fire elemental burns Sir Rick Astley!
Sir Rick Astley resists.
Azrael gestures at you.
The sticky flame hits you but does no damage.
You are covered in liquid flames!
Sir Rick Astley casts a spell at the red ugly thing.
The red ugly thing resists with some effort.
The red ugly thing basks in the mutagenic energy from its kin and changes!
The hell hound misses you.
Blink to where?
Press: ? - help, Dir - move target
As you read the scroll of blinking, it crumbles to dust.
You are covered in liquid flames!
* * * LOW HITPOINT WARNING * * *
The red ugly thing basks in the mutagenic energy from its kin and changes!
Sir Rick Astley misses the green ugly thing.
You are covered in liquid flames!
* * * LOW HITPOINT WARNING * * *
Azrael gestures at you.
The sphere of damnation explodes!
The damnation engulfs you!!!
You die...

...............
##.................
##..................
##...................
##.............°.... .
##..........E○huuE# ..
#.............uR†# ...
#............Rh.## #...
#<.....@...h.....###....
##................#.....
##.....................
##....................
##......[............
##..........##......
##..........#[..#..
##........##).#...
##........#.#....


You could see Azrael, a green ugly thing (drained), a fire elemental and 3 hell
hounds.

Vanquished Creatures
  A frost giant (D:12)
  Nessos (D:13)
  Snorg (D:13)
  The ghost of Vadun the Grappler, a journeyman TrMo (D:11)
  2 centaur warriors
  2 hydras
  4 vault guards (D:13)
  5 boulder beetles
  A catoblepas (D:13)
  3 two-headed ogres
  A tengu warrior (D:14)
  8 skeletal warriors (D:12)
  A sea snake (shapeshifter) (D:12)
  A phantasmal warrior (D:12)
  A deep elf pyromancer (D:8)
  5 ugly things
  2 manticores
  A guardian serpent (shapeshifter) (D:12)
  2 cyclopes (D:13)
  2 gargoyles
  Maggie (D:7)
  A tengu conjurer (D:14)
  A meliai (D:12)
  A troll (D:13)
  A hornet (D:11)
  4 slime creatures (D:14)
  A meliai zombie (D:11)
  A wyvern (D:9)
  3 shadows
  7 yaks (D:9)
  A vampire (D:8)
  2 fire elementals (D:14)
  3 spriggans (D:11)
  2 wraiths
  7 humans (D:13)
  2 basilisks (D:13)
  4 steam dragons
  10 vampire mosquitoes
  Menkaure (D:4)
  A two-headed ogre zombie (D:9)
  2 acid dragons (D:13)
  A hell hound (D:14)
  2 water moccasins
  A black bear (D:8)
  4 orc warriors
  17 centaurs
  3 wolves
  A phantom (D:9)
  5 bullfrogs
  A kobold brigand (D:7)
  8 earth elementals (D:13)
  2 scorpions (D:7)
  8 gnoll sergeants
  A wyvern skeleton (D:7)
  A water moccasin zombie (D:5)
  4 troll zombies (D:9)
  6 howler monkeys
  2 wights (D:7)
  4 centaur zombies
  5 hounds
  A centaur skeleton (D:5)
  8 orc priests
  4 jellies
  9 gnoll shamans
  An iguana (D:7)
  7 orc wizards
  A killer bee zombie (D:7)
  3 ogre zombies (D:9)
  5 adders
  23 gnolls
  A river rat (Sewer)
  2 shadow imps
  2 white imps
  An ufetubus (D:4)
  An adder skeleton (D:4)
  A worm (D:4)
  A dart slug (D:4)
  23 orcs
  5 bats
  7 endoplasms
  A giant cockroach (D:4)
  5 goblins
  4 hobgoblins
  A jackal (D:2)
  7 quokkas
  8 ball pythons
  2 frilled lizards
  A goblin skeleton (D:9)
  2 goblin zombies (D:9)
  2 hobgoblin skeletons (D:9)
  2 hobgoblin zombies (D:9)
  10 kobolds
  17 orc zombies (D:9)
  9 rats
354 creatures vanquished.

Vanquished Creatures (collateral kills)
  A hydra (D:12)
  A two-headed ogre (D:9)
  2 unseen horrors
  A troll (D:9)
  A spriggan (D:11)
  A yak (D:9)
  A wyvern (D:6)
  2 vampire mosquitoes (D:12)
  Duvessa (D:7)
  A necrophage (D:7)
  A wolf (Bailey)
  A centaur (D:5)
  A kobold brigand (Sewer)
  A wyvern zombie (D:6)
  Dowan (D:7)
  A wight (D:7)
  A jelly (D:4)
  3 orc wizards
  4 gnolls
  2 adders
  A shadow imp (D:7)
  An ufetubus (D:4)
  3 orcs
  A giant cockroach (D:2)
  2 goblins (D:4)
  A hobgoblin (D:4)
  A jackal (D:2)
  A quokka (D:3)
  A ball python (D:4)
  5 kobolds
  An orc zombie (D:9)
  2 rats (Sewer)
48 creatures vanquished.

Vanquished Creatures (others)
  A human (D:13)
  A gnoll (D:7)
  8 hexers
  An orc (D:6)
  A kobold (D:3)
  3 plants (D:11)
15 creatures vanquished.

Grand Total: 417 creatures vanquished

Notes
Turn   | Place    | Note
-------+----------+-------------------------------------------
     0 | D:1      | HallandMoats the Minotaur Fighter began the quest for the
                  | Orb.
     0 | D:1      | Reached XP level 1. HP: 19/19 MP: 0/0
   116 | D:1      | Reached XP level 2. HP: 7/27 MP: 1/1
   494 | D:1      | Found a faded altar of an unknown god.
   557 | D:1      | Prayed at the altar of an unknown god.
   557 | D:1      | Became a worshipper of Hepliaklqana the Forgotten
   557 | D:1      | Reached * piety under Hepliaklqana
   695 | D:1      | Reached skill level 1 in Dodging
   953 | D:1      | Reached XP level 3. HP: 29/29 MP: 2/2
  1278 | D:2      | Reached ** piety under Hepliaklqana
  1279 | D:2      | Remembered your ancestor Sir Rick Astley as a hexer
  1919 | D:2      | Reached XP level 4. HP: 36/36 MP: 3/3
  2126 | D:3      | Found a glowing golden altar of the Shining One.
  2149 | D:3      | Found a glowing drain.
  2161 | Sewer    | Entered a sewer
  2273 | Sewer    | Noticed a kobold brigand
  2282 | Sewer    | Killed a kobold brigand
  2300 | Sewer    | Found a glowing silver altar of Zin.
  2605 | D:3      | Reached *** piety under Hepliaklqana
  2876 | D:3      | Found a hide-covered altar of Uskayaw.
  3252 | D:4      | Noticed Menkaure
  3261 | D:4      | Reached XP level 5. HP: 42/42 MP: 4/4
  3414 | D:4      | Killed Menkaure
  3415 | D:4      | Reached XP level 6. HP: 49/49 MP: 5/5
  3793 | D:4      | Reached skill level 5 in Shields
  3809 | D:4      | Reached skill level 5 in Armour
  3986 | D:4      | Reached skill level 5 in Fighting
  4207 | D:5      | Entered Level 5 of the Dungeon
  4428 | D:5      | Reached XP level 7. HP: 41/54 MP: 6/6
  4593 | D:5      | Reached **** piety under Hepliaklqana
  5064 | D:6      | Reached skill level 5 in Long Blades
  5204 | D:6      | Found a glowing silver altar of Zin.
  5377 | D:6      | Found Ittead's Weapon Shoppe.
  5424 | D:6      | Found an ancient bone altar of Kikubaaqudgha.
  5552 | D:6      | Reached XP level 8. HP: 59/63 MP: 7/7
  5632 | D:6      | Found a hazy altar of Hepliaklqana.
  5633 | D:6      | Found a sparkling altar of Nemelex Xobeh.
  5633 | D:6      | Found an ornate altar of the Wu Jian Council.
  5877 | D:6      | Found a blossoming altar of Fedhas.
  6574 | D:7      | Reached skill level 5 in Dodging
  6910 | D:7      | Reached XP level 9. HP: 64/71 MP: 8/8
  7010 | D:7      | Noticed Maggie
  7017 | D:7      | Killed Maggie
  7147 | D:7      | Noticed Duvessa
  7156 | D:7      | Noticed Dowan
  7158 | D:7      | Killed Duvessa
  7165 | D:7      | Killed Dowan
  7223 | D:7      | Found a staircase to the Ecumenical Temple.
  7426 | D:7      | Found a stormy altar of Qazlal.
  7556 | D:7      | Found an ancient bone altar of Kikubaaqudgha.
  7782 | D:7      | Noticed a six-headed hydra
  7918 | D:7      | Killed a six-headed hydra
  8195 | D:7      | Identified the +8 demon blade of Valiance {elec, rElec
                  | rPois Will+ Str+2}
  8211 | D:7      | Noticed a manticore
  8221 | D:7      | Killed a manticore
  8479 | D:8      | Reached XP level 10. HP: 74/81 MP: 9/9
  8994 | D:8      | Found a shimmering altar of Xom.
  8994 | D:8      | Found a sacrificial altar of Ru.
  8995 | D:8      | Found a basalt altar of Yredelemnul.
  8995 | D:8      | Found a snail-covered altar of Cheibriados.
  9029 | D:8      | Noticed a boulder beetle
  9040 | D:8      | Killed a boulder beetle
  9202 | D:8      | Noticed a two-headed ogre
  9202 | D:8      | Noticed a brown ugly thing
  9208 | D:8      | Killed a two-headed ogre
  9215 | D:8      | Killed a brown ugly thing
  9216 | D:8      | Reached skill level 10 in Fighting
  9225 | D:8      | Reached skill level 10 in Armour
  9260 | D:8      | Identified the amulet of Ikipnepp {RegenMP rCorr}
  9365 | D:8      | Noticed a deep elf pyromancer
  9365 | D:8      | Noticed a centaur warrior
  9372 | D:8      | Killed a centaur warrior
  9376 | D:8      | Killed a deep elf pyromancer
  9377 | D:8      | Reached skill level 10 in Long Blades
  9582 | D:8      | Reached XP level 11. HP: 90/90 MP: 10/10
  9837 | D:9      | Noticed a two-headed ogre
  9840 | D:9      | Found a flagged portal.
  9845 | D:9      | Killed a two-headed ogre
  9856 | Bailey   | Entered a bailey
 10794 | D:9      | Reached ***** piety under Hepliaklqana
 10893 | D:9      | Found a staircase to the Orcish Mines.
 11551 | D:10     | Entered Level 10 of the Dungeon
 11561 | D:10     | Noticed a boulder beetle
 11571 | D:10     | Killed a boulder beetle
 11575 | D:10     | Reached skill level 10 in Dodging
 12019 | D:10     | Noticed a two-headed ogre
 12024 | D:10     | Killed a two-headed ogre
 12691 | D:11     | Found a runed translucent door.
 12707 | D:11     | Noticed a brown ugly thing
 12714 | D:11     | Reached XP level 12. HP: 89/100 MP: 11/11
 12873 | D:11     | Found a staircase to the Lair.
 13002 | D:11     | Noticed Vadun's ghost (journeyman TrMo)
 13002 | D:11     | Identified the +7 trident of Yngown {drain, rElec rF+++
                  | Int-5 Stlth+}
 13174 | D:11     | HP: 4/100 [Vadun's ghost (27)]
 13188 | D:11     | Killed Vadun's ghost
 13485 | D:12     | Noticed a five-headed hydra
 13495 | D:12     | Killed a seven-headed hydra
 13623 | D:12     | Noticed a two-headed ogre
 13631 | D:12     | Killed a two-headed ogre
 13869 | D:12     | Noticed a frost giant
 13893 | D:12     | Killed a frost giant
 14331 | D:12     | Noticed a six-headed hydra
 14346 | D:12     | Killed a seven-headed hydra
 14876 | D:12     | Found a shimmering altar of Xom.
 14987 | D:12     | Reached XP level 13. HP: 92/109 MP: 12/12
 15690 | D:13     | Reached skill level 1 in Invocations
 15981 | D:13     | Found a gate to the Vaults.
 16355 | D:13     | Noticed Nessos
 16361 | D:13     | Killed Nessos
 16521 | D:13     | Noticed Snorg
 16530 | D:13     | Killed Snorg
 17114 | D:6      | Bought the +8 autumn katana {vorpal, manifold assault} for
                  | 707 gold pieces
 17114 | D:6      | Found the +8 autumn katana {vorpal, manifold assault}
 17464 | D:14     | Noticed Azrael
 17483 | D:14     | Killed from afar by Azrael

Illustrated notes

Levels and vault maps discovered:
D:1:      lightli_arrival_farm, layout_basic, basic_ecumenical_altar
D:2:      layout_basic
D:3:      layout_loops_corners, lemuel_doored_altar,
          mainiacjoe_overflow_alcove_1, portal_sewer_entry_f
D:4:      layout_basic, minmay_pentomino_pile, uniq_menkaure
D:5:      layout_basic
D:6:      layout_loops_cross, grunt_temple_overflow_open, serial_shops, shop,
          minmay_crystal_water, hangedman_feature_mirror,
          minmay_misc_feat_nine_boxes
D:7:      nzn_winding_woodlands_medium [nzn_winding_woodlands_5x5_default,
          nzn_winding_woodlands_5x15_twine, nzn_winding_woodlands_hourglass,
          nzn_winding_woodlands_5x5_three,
          nzn_winding_woodlands_center_diamonds,
          nzn_winding_woodlands_5x5_perimeter,
          nzn_winding_woodlands_5x5_open_star,
          nzn_winding_woodlands_5x15_zeroes,
          nzn_winding_woodlands_5x5_checkerboard], layout_loops_ring,
          marbit_many_paths, general_overflow_altar,
          minmay_temple_entry_large_hall, uniq_duvessa, uniq_maggie
D:8:      minmay_the_grid_octo_2x2 [minmay_the_grid_octo_checkered,
          minmay_the_grid_octo_shrine, minmay_the_grid_octo_77,
          minmay_the_grid_octo_prize_single_spiral], layout_basic
D:9:      layout_stronghold, zombieorc2_lemuel, enter_bailey_2
D:10:     layout_basic
D:11:     layout_cave_pools, lair_entry_dummy, ebering_ghost_funeral_grove
D:12:     minmay_glassy_protrusions, layout_loops_ring, xom_teletrap_fun
D:13:     layout_loops_corners, ximxim_vaults_locker_room,
          hangedman_cracks_in_the_wall, uniq_snorg, uniq_nessos
D:14:     layout_big_octagon, hangedman_abyss_or_decor_slice, uniq_azrael

Skill      XL: |  1  2  3  4  5  6  7  8  9 10 11 12 13 |
---------------+----------------------------------------+-----
Dodging        | 1 2 3 4 5 7 8 10 11 12 | 12.9
Armour         | 4 5 6 7 8 10 11 13 14 | 14.4
Fighting       | 4 5 6 7 8 10 11 13 14 | 14.4
Shields        | 4 5 6 7 |  7.0
Long Blades    | 3 4 5 6 8 10 11 13 14 | 14.1
Invocations    | 3 |  3.4

Action                   |  1- 3 |  4- 6 |  7- 9 | 10-12 | 13-15 || total
-------------------------+-------+-------+-------+-------+-------++-------
Melee: Long sword        |    82 |    98 |    71 |       |       ||   251
       Headbutt          |     7 |    21 |    43 |   112 |    53 ||   236
       Whip              |       |       |   120 |    15 |       ||   135
       Demon blade       |       |       |     6 |   475 |   167 ||   648
       Katana            |       |       |       |       |    62 ||    62
Invok: Ancestor Identity |     1 |       |       |       |       ||     1
       Ancestor Life: He |     1 |       |       |       |       ||     1
  Use: Potion            |       |       |     2 |     4 |       ||     6
       Scroll            |       |       |       |     9 |     1 ||    10
 Stab: Distracted        |       |     2 |     1 |     4 |       ||     7
       Confused          |       |       |     5 |     3 |     1 ||     9
Armor: Scale mail        |    40 |     7 |       |       |       ||    47
       Storm dragon scal |       |    37 |   115 |   164 |    56 ||   372
Dodge: Dodged            |    31 |    31 |    88 |   299 |   108 ||   557
Block: Buckler           |    40 |    57 |   135 |   277 |    86 ||   595
       Reflection        |       |     5 |     6 |    15 |     5 ||    31

Table legend: (Time is in decaauts)
 A = Elapsed time spent in this place.
 B = Non-inter-level travel time spent in this place.
 C = Inter-level travel time spent in this place.
 D = Time resting spent in this place.
 E = Time spent auto-exploring this place.
 F = Levels seen in this place.
 G = Mean time per level.
                   A        B        C        D        E       F      G
               +--------+--------+--------+--------+--------+-----+--------+
         Total |  17453 |  16764 |    689 |   1394 |  12989 |  16 | 1090.8 |
       Dungeon |  16639 |  15950 |    689 |   1394 |  12412 |  14 | 1188.5 |
         Sewer |    211 |    211 |      0 |      0 |    152 |   1 |  211.0 |
        Bailey |    602 |    602 |      0 |      0 |    425 |   1 |  602.0 |
               +--------+--------+--------+--------+--------+-----+--------+

Top non-repeatable levels by time:
     D:7: 1925 daAuts
    D:13: 1808 daAuts
    D:12: 1666 daAuts
     D:8: 1424 daAuts
     D:6: 1369 daAuts
     D:9: 1193 daAuts
     D:1: 1118 daAuts
     D:3: 1087 daAuts
     D:2: 1057 daAuts
     D:5: 1024 daAuts
    D:10: 979 daAuts
    D:11: 953 daAuts
     D:4: 829 daAuts
  Bailey: 602 daAuts
   Sewer: 211 daAuts
